 Dungeon Sprint DCSS version 0.17-a0-18-gc25b939 (webtiles) character file.

4600000 MDvedh the Plane Walker (level 22, -15/148 HPs)
             Began as a Spriggan Warper on Mar 6, 2015.
             Was the Champion of Makhleb.
             Demolished by The Servant
             ... wielding a +9 glaive of flaming
              (34 damage)
             ... in the Dungeon (Sprint VIII: "Arena of Blood").
             The game lasted 00:01:34 (46 turns).

MDvedh the Plane Walker (Spriggan Warper)             Turns: 46, Time: 00:01:34

Health: -15/148    AC:  4    Str:  7    XL:     22   Next: 0%
Magic:  12/49      EV: 44    Int: 17    God:    Makhleb [******]
Gold:   0          SH:  0    Dex: 23    Spells: 1 memorised, 74 levels left

rFire  . . .     SeeInvis +     l - +∞ Axe of Woe
rCold  . . .     Clarity  .     b - +0 robe
rNeg   . . .     SustAb   .     (shield restricted)
rPois  .         Gourm    .     (helmet restricted)
rElec  .         Spirit   .     (no cloak)
rCorr  .         Warding  .     (gloves unavailable)
rMut   .         NoTele   +     (boots unavailable)
MR     +++..                    (no amulet)
Stlth  ++++++++++               (no ring)
                                (no ring)

@: very quick, extremely resistant to hostile enchantments, uncannily stealthy
A: unfitting armour, see invisible, herbivore 3, speed 3, slow metabolism 2
a: Minor Destruction, Lesser Servant of Makhleb, Major Destruction, Greater
Servant of Makhleb, Renounce Religion


You were in the Dungeon.
You worshipped Makhleb.
Makhleb was exalted by your worship.
You were not hungry.

You visited 1 branch

Inventory:

Hand weapons
 a - a +0 hand axe
 l - the +∞ Axe of Woe (weapon)
   (You found it in the Dungeon)
Missiles
 e - 5 tomahawks of dispersal (quivered)
Armour
 b - a +0 robe (worn)
Scrolls
 d - 2 scrolls of blinking
Potions
 g - a potion of curing
 h - a potion of heal wounds
 i - a potion of haste
 j - 2 potions of magic
 k - a potion of berserk rage
Books
 c - a book of Spatial Translocations

   Spells                             Type                      Level
   a - Apportation                    Translocation                1
   b - Blink                          Translocation                2
   c - Shroud of Golubria             Charms/Translocation         2
   d - Portal Projectile              Translocation                3
   e - Teleport Other                 Translocation                3
   f - Passage of Golubria            Translocation                4
Comestibles
 f - a bread ration


   Skills:
 O Level 27 Fighting
 O Level 27 Axes
 O Level 27 Throwing
 O Level 27 Armour
 O Level 27 Dodging
 O Level 27 Stealth
 + Level 20.8 Unarmed Combat
 O Level 27 Spellcasting
 O Level 27 Translocations
 + Level 23.9 Invocations


You had 74 spell levels left.
You knew the following spells:

 Your Spells              Type           Power        Failure   Level  Hunger
a - Apportation           Tloc           #######...   0%          1    None


Dungeon Overview and Level Annotations

Branches:
Dungeon (1/1)

Altars:
Makhleb

Annotations:
D The Servant


Innate Abilities, Weirdness & Mutations

You are tiny and cannot use many weapons and most armour.
You have supernaturally acute eyesight.
You are a herbivore.
You cover ground extremely quickly.
You need consume almost no food.


Message History

Two crawling corpses merge to form a small abomination.
You hear a shout!
The meat berserker hits you with a +9 battleaxe!!
A destroyer comes into view.
It is wielding a +9 great sword of slicing.
The destroyer shouts!
You hear a shout!
Unknown command.
Unknown command.
Unknown command.
Unknown command.
You hear a shout! x2
The bag of meat closely misses you.
The destroyer blinks!
You hear a shout!
The corpses begin to drag themselves along the ground!
The bag of meat completely misses you.
The destroyer blinks!
You hear a shout! x3
The Servant hits you from afar with a +9 glaive of flaming!!!!
Ouch! That really hurt!
* * * LOW HITPOINT WARNING * * *
The Servant burns you!!
You die...

........###......
.#........_.......
.......#.....#.......
.......#_.<._#..VV....
#.......#.....#......#.#
..#........_@.O..........
.......)..###.....Vo..#§#
...o.###))....C###o......
... #))))..)#@o.x§o.... .
#§§o).).#ooOo.z.o..
.......§)).....@C...§o....
#..%...§%§.%.x.xV.#...#.
................z#....#
#..............##.....#
...o#.....%..#. ..V.#.
............#...###.
.##.#...........


You could see The Servant, 2 destroyers, 2 sculptors of flesh, a large bag of
meat (inner flame), a meat berserker (berserk), 2 small abominations and 9 bags
of meat.

Vanquished Creatures
  2 hill giants (D)
  11 ogres (D)
  31 orcs (D)
  A skeletal warrior (D)
  3 vampire knights (D)
  A small abomination (D)
  A large abomination (D)
  2 crawling corpses (D)
52 creatures vanquished.

Vanquished Creatures (others)
  A crawling corpse (D)
1 creature vanquished.

Grand Total: 53 creatures vanquished

Notes
Turn   | Place    | Note
--------------------------------------------------------------
     0 | D        | MDvedh, the Spriggan Warper, began the quest for the Orb.
     0 | D        | Reached XP level 1. HP: 10/10 MP: 4/4
     3 | D        | Noticed a bag of meat
     4 | D        | Became a worshipper of Makhleb the Destroyer
     5 | D        | Noticed a bag of meat
     6 | D        | Noticed a bag of meat
     6 | D        | Noticed a bag of meat
     6 | D        | Noticed a bag of meat
     6 | D        | Noticed a bag of meat
     8 | D        | Noticed a meat berserker
     9 | D        | Killed a bag of meat
     9 | D        | Reached skill level 8 in Fighting
     9 | D        | Reached skill level 13 in Dodging
     9 | D        | Reached skill level 24 in Translocations
     9 | D        | Reached XP level 2. HP: 12/23 MP: 4/20
     9 | D        | Reached XP level 3. HP: 13/26 MP: 4/23
     9 | D        | Reached XP level 4. HP: 15/31 MP: 4/25
     9 | D        | Reached XP level 5. HP: 16/35 MP: 4/27
     9 | D        | Reached XP level 6. HP: 17/39 MP: 4/29
     9 | D        | Reached XP level 7. HP: 19/44 MP: 4/30
     9 | D        | Reached XP level 8. HP: 20/48 MP: 4/31
     9 | D        | Reached XP level 9. HP: 21/52 MP: 4/32
     9 | D        | Reached XP level 10. HP: 22/56 MP: 4/34
     9 | D        | Reached XP level 11. HP: 23/60 MP: 4/35
     9 | D        | Noticed a bag of meat
    10 | D        | Noticed a bag of meat
    10 | D        | Noticed a bag of meat
    10 | D        | Noticed a bag of meat
    10 | D        | Noticed a bag of meat
    10 | D        | Noticed a bag of meat
    10 | D        | Noticed a bag of meat
    11 | D        | Noticed a bag of meat
    11 | D        | Noticed a large bag of meat
    11 | D        | Killed a meat berserker
    11 | D        | Acquired Makhleb's first power
    11 | D        | Reached skill level 10 in Axes
    11 | D        | Reached skill level 5 in Throwing
    11 | D        | Reached skill level 15 in Dodging
    11 | D        | Reached skill level 15 in Spellcasting
    11 | D        | Reached skill level 27 in Translocations
    11 | D        | Reached XP level 12. HP: 24/67 MP: 4/37
    11 | D        | Killed a bag of meat
    11 | D        | Reached XP level 13. HP: 25/74 MP: 4/39
    12 | D        | Noticed a bag of meat
    12 | D        | Noticed a bag of meat
    12 | D        | Killed a bag of meat
    12 | D        | Acquired Makhleb's second power
    13 | D        | Noticed a bag of meat
    13 | D        | Noticed a large bag of meat
    14 | D        | Noticed a bag of meat
    14 | D        | Noticed a bag of meat
    15 | D        | Noticed a bag of meat
    15 | D        | Noticed a bag of meat
    15 | D        | Killed a bag of meat
    15 | D        | Reached XP level 14. HP: 47/82 MP: 5/41
    15 | D        | Killed a bag of meat
    15 | D        | Acquired Makhleb's third power
    15 | D        | Reached skill level 15 in Axes
    15 | D        | Killed a bag of meat
    15 | D        | Reached skill level 5 in Armour
    15 | D        | Reached XP level 15. HP: 86/88 MP: 5/43
    15 | D        | Killed a bag of meat
    15 | D        | Reached skill level 15 in Fighting
    15 | D        | Killed a bag of meat
    15 | D        | Acquired Makhleb's fourth power
    16 | D        | Killed a bag of meat
    16 | D        | Killed a bag of meat
    16 | D        | Reached skill level 10 in Throwing
    16 | D        | Reached XP level 16. HP: 96/98 MP: 5/45
    16 | D        | Killed a bag of meat
    16 | D        | Acquired Makhleb's fifth power
    17 | D        | Noticed a meat berserker
    17 | D        | Noticed a bag of meat
    17 | D        | Killed a large bag of meat
    17 | D        | Reached skill level 27 in Dodging
    17 | D        | Reached skill level 27 in Spellcasting
    17 | D        | Killed a bag of meat
    17 | D        | Killed a bag of meat
    17 | D        | Reached XP level 17. HP: 106/108 MP: 6/46
    18 | D        | Noticed a bag of meat
    18 | D        | Noticed a meat berserker
    18 | D        | Killed a bag of meat
    18 | D        | Killed a bag of meat
    19 | D        | Killed a large bag of meat
    19 | D        | Killed a bag of meat
    19 | D        | Killed a bag of meat
    19 | D        | Reached XP level 18. HP: 119/119 MP: 6/46
    20 | D        | Noticed a meat berserker
    20 | D        | Noticed a meat berserker
    21 | D        | Noticed a meat berserker
    21 | D        | Killed a bag of meat
    21 | D        | Killed a bag of meat
    21 | D        | Reached skill level 27 in Axes
    22 | D        | Killed a meat berserker
    22 | D        | Reached skill level 10 in Armour
    22 | D        | Killed a bag of meat
    22 | D        | Reached skill level 15 in Throwing
    23 | D        | Killed a meat berserker
    23 | D        | Reached skill level 27 in Fighting
    23 | D        | Killed a meat berserker
    23 | D        | Reached XP level 19. HP: 132/132 MP: 7/47
    23 | D        | Killed a meat berserker
    23 | D        | Reached skill level 15 in Armour
    24 | D        | Noticed a bag of meat
    25 | D        | Noticed a bag of meat
    25 | D        | Noticed a destroyer
    27 | D        | Killed a meat berserker
    27 | D        | Killed a bag of meat
    28 | D        | Noticed a large bag of meat
    28 | D        | Killed a bag of meat
    29 | D        | Noticed a bag of meat
    29 | D        | Noticed a destroyer
    30 | D        | Noticed a meat berserker
    30 | D        | Killed a bag of meat
    31 | D        | Noticed a bag of meat
    31 | D        | Noticed a bag of meat
    31 | D        | Noticed a bag of meat
    32 | D        | Noticed a bag of meat
    32 | D        | Killed a bag of meat
    32 | D        | Reached skill level 27 in Throwing
    33 | D        | Killed a destroyer
    33 | D        | Reached XP level 20. HP: 137/137 MP: 9/48
    34 | D        | Noticed The Servant
    34 | D        | Noticed a bag of meat
    34 | D        | Noticed a bag of meat
    34 | D        | Noticed a destroyer
    34 | D        | Noticed a meat berserker
    35 | D        | Noticed a meat berserker
    35 | D        | Noticed a meat berserker
    35 | D        | Noticed a bag of meat
    35 | D        | Noticed a destroyer
    36 | D        | Noticed a meat berserker
    37 | D        | Noticed a bag of meat
    38 | D        | Noticed a bag of meat
    38 | D        | Killed a meat berserker
    38 | D        | Killed a bag of meat
    39 | D        | Noticed a meat berserker
    39 | D        | Noticed a sculptor of flesh
    39 | D        | Killed a bag of meat
    40 | D        | Noticed a sculptor of flesh
    40 | D        | Killed a meat berserker
    40 | D        | Reached skill level 27 in Armour
    40 | D        | Killed a bag of meat
    40 | D        | Killed a bag of meat
    40 | D        | Reached skill level 10 in Invocations
    40 | D        | Noticed a bag of meat
    41 | D        | Noticed a bag of meat
    41 | D        | Killed a meat berserker
    41 | D        | Reached XP level 21. HP: 142/142 MP: 10/48
    41 | D        | Killed a meat berserker
    41 | D        | Killed a destroyer
    42 | D        | Noticed a bag of meat
    42 | D        | Killed a bag of meat
    42 | D        | Reached skill level 15 in Unarmed Combat
    43 | D        | Noticed a destroyer
    43 | D        | Noticed a sculptor of flesh
    43 | D        | Killed a meat berserker
    43 | D        | Killed a sculptor of flesh
    43 | D        | Reached skill level 27 in Stealth
    43 | D        | Noticed a bag of meat
    44 | D        | Noticed a bag of meat
    44 | D        | Noticed a destroyer
    45 | D        | Killed a bag of meat
    45 | D        | Killed a bag of meat
    45 | D        | Killed a destroyer
    45 | D        | Reached XP level 22. HP: 148/148 MP: 11/49
    45 | D        | Noticed a destroyer
    46 | D        | Demolished by The Servant

Action                   |  1- 3 |  4- 6 |  7- 9 | 10-12 | 13-15 | 16-18 | 19-21 | 22-24 || total
-------------------------+-------+-------+-------+-------+-------+-------+-------+-------++-------
Melee: Broad axe         |     1 |       |       |     1 |     3 |     6 |    12 |       ||    23
